 Dungeon Crawl Stone Soup version 0.21.1-1-g345015f (webtiles) character file.

390 JeffiDaFish the Skirmisher (level 6, -17/57 HPs)
             Began as a Draconian Chaos Knight on Feb 22, 2018.
             Demolished by an ogre
             ... wielding a +0 giant spiked club
              (19 damage)
             ... on level 4 of the Dungeon.
             The game lasted 00:04:24 (2796 turns).

JeffiDaFish the Skirmisher (Draconian Chaos Knight) Turns: 2796, Time: 00:04:25

Health: -17/57     AC: 11    Str: 15    XL:     6   Next: 50%
Magic:  6/6        EV: 13    Int: 13    God:    Xom [......]
Gold:   144        SH:  0    Dex: 11    Spells: 5/5 levels left

rFire    . . .     SeeInvis +   a - +0 falchion (chaos)
rCold    . . .     Gourm    .   (no shield)
rNeg     . . .     Faith    .   (armour unavailable)
rPois    .         Spirit   .   (helmet restricted)
rElec    .         Reflect  .   (no cloak)
rCorr    .         Harm     .   e - +1 pair of gloves
MR       .....                  c - +0 pair of boots
Stlth    +.........             (no amulet)
HPRegen  0.19/turn              g - +2 ring of protection
MPRegen  0.10/turn              k - ring of see invisible

@: confused
A: unfitting armour, cold-blooded, AC +6
a: Renounce Religion


You were on level 4 of the Dungeon.
You worshipped Xom.
You were a very special plaything of Xom.
You were not hungry.

You visited 1 branch of the dungeon, and saw 4 of its levels.

You collected 144 gold pieces.

Inventory:

Hand Weapons
 a - a +0 falchion of chaos (weapon)
Armour
 c - a +0 pair of boots (worn)
 e - a +1 pair of gloves (worn)
Jewellery
 g - a +2 ring of protection (left hand)
 k - a ring of see invisible (right hand)
Wands
 d - a wand of flame (11)
 l - a wand of acid (6)
Scrolls
 f - a scroll of remove curse
 j - a scroll of teleportation
 m - a scroll of identify
Potions
 h - 5 potions of curing
 i - a potion of ambrosia
Comestibles
 b - 10 rations


   Skills:
 * Level 5.7 Fighting
 * Level 5.2 Long Blades
 + Level 3.3 Dodging


You had 5 spell levels left.
You didn't know any spells.

Dungeon Overview and Level Annotations

Branches:
Dungeon (4/15)             Temple (0/1) D:4

Altars:
Ashenzari
Dithmenos
Elyvilon
Fedhas
Ru


Innate Abilities, Weirdness & Mutations

Your plain brown scales are hard. (AC +6)
You cannot fit into any form of body armour.
You are cold-blooded and may be slowed by cold attacks.


Message History

You freeze the ogre.
The ogre is moderately wounded.
You barely miss the ogre. You tail-slap the ogre.
The ogre is heavily wounded. "Heh heh heh..."
You are confused.
The orc is no longer petrified.
The gnoll closely misses you.
The ogre hits you with a giant spiked club!
* * * LOW HITPOINT WARNING * * *
Okay, then.
You bump into the rock wall.
The gnoll hits you but does no damage. The ogre misses you.
You bump into the rock wall.
The ogre barely misses you. The gnoll hits you but does no damage.
You're too confused to move!
Xom's attention almost turns to you for a moment.
You feel very uncomfortable.
The ogre hits you with a giant spiked club!!
You die...
Xom roars with laughter!

#..........# #..................
............# #................).
............# #..................
#...........# #..#.#.............
............###....#..##.#.......
......##..........##.............
.......#.........###..###......##
...... #.........# ...# #.....###
.....b.†@##. #.......# .......gO#
#.....#.. ....b..)o...#
........##. ..(.b.....###
........### ..........
........### ..........#
..........# ..........#
....<.#.... .....>..#..
.....###.. .......)g.#. #...


You could see an ogre (berserk), a gnoll and an orc.

Vanquished Creatures
  An ogre (D:4)
  A scorpion (D:4)
  A hound (D:3)
  An iguana (D:4)
  Natasha (D:2)
  An orc wizard (D:4)
  A worker ant (D:4)
  2 gnolls (D:3)
  5 adders
  An ooze (D:2)
  An adder skeleton (D:4)
  2 leopard geckos
  2 orcs (D:4)
  8 bats
  3 giant cockroaches (D:3)
  5 goblins
  10 hobgoblins
  4 jackals (D:1)
  5 kobolds
  3 frilled lizards
  2 rats (D:1)
60 creatures vanquished.

Notes
Turn   | Place    | Note
-------+----------+-------------------------------------------
     0 | D:1      | JeffiDaFish the Draconian Chaos Knight began the quest for the Orb.
     0 | D:1      | Reached XP level 1. HP: 19/19 MP: 1/1
    77 | D:1      | Reached XP level 2. HP: 14/26 MP: 2/2
   938 | D:2      | XOM: harmless Necr miscast
   988 | D:2      | Found a shadowy altar of Dithmenos.
   991 | D:2      | Reached XP level 3. HP: 33/33 MP: 3/3
  1137 | D:2      | Found a faded altar of an unknown god.
  1155 | D:2      | Found a blossoming altar of Fedhas.
  1346 | D:2      | Noticed Natasha
  1350 | D:2      | XOM: potion effect (agility)
  1353 | D:2      | Killed Natasha
  1353 | D:2      | Reached XP level 4. HP: 32/41 MP: 4/4
  1459 | D:2      | Found a white marble altar of Elyvilon.
  1459 | D:2      | Found a shattered altar of Ashenzari.
  1601 | D:2      | Found a sacrificial altar of Ru.
  1603 | D:2      | Found a faded altar of an unknown god.
  1607 | D:2      | Found a faded altar of an unknown god.
  2092 | D:3      | XOM: silly message
  2162 | D:3      | Reached XP level 5. HP: 33/47 MP: 5/5
  2561 | D:4      | Reached skill level 5 in Fighting
  2608 | D:4      | Noticed an ogre
  2612 | D:4      | Killed an ogre
  2612 | D:4      | Reached XP level 6. HP: 56/56 MP: 6/6
  2621 | D:4      | Reached skill level 5 in Long Blades
  2642 | D:4      | Found a staircase to the Ecumenical Temple.
  2774 | D:4      | XOM: enchant monster (good)
  2783 | D:4      | XOM: silly message
  2786 | D:4      | XOM: cast spell 'Summon Butterflies'
  2793 | D:4      | XOM: confusion
  2793 | D:4      | HP: 2/57 [ogre/giant spiked club (16)]
  2796 | D:4      | XOM: harmless Necr miscast
  2796 | D:4      | Demolished by an ogre

Skill      XL: |  1  2  3  4  5  6 |
---------------+-------------------+-----
Fighting       | 4 5 |  5.7
Long Blades    | 4 5 |  5.2
Dodging        | 3 |  3.3

Action                   |  1- 3 |  4- 6 || total
-------------------------+-------+-------++-------
Melee: Falchion          |    69 |    97 ||   166
       Tailslap          |     9 |    20 ||    29
  Use: Scroll            |     2 |     3 ||     5
       Potion            |     6 |     3 ||     9
 Stab: Petrifying        |     1 |       ||     1
       Sleeping          |     1 |     2 ||     3
  Eat: Chunk             |     1 |     5 ||     6
Armor: Skin              |    28 |    36 ||    64
Dodge: Dodged            |    52 |    85 ||   137
       Rpst.: Falchion   |    19 |    27 ||    46
